 Dungeon Crawl Stone Soup version 0.23-a0-494-g91793a9 (webtiles) character file.

31 MalarOregon the Poker (level 3, 0/28 HPs)
             Began as a Merfolk Gladiator on Dec 3, 2018.
             Succumbed to an adder's poison
             ... on level 2 of the Dungeon.
             The game lasted 00:01:08 (668 turns).

MalarOregon the Poker (Merfolk Gladiator)            Turns: 668, Time: 00:01:09

Health: 0/28       AC:  4    Str: 15    XL:     3   Next: 22%
Magic:  3/3        EV: 14    Int:  7    God:
Gold:   47         SH:  0    Dex: 15    Spells: 2/2 levels left

rFire    . . .     SeeInvis .   a - +0 trident
rCold    . . .     Gourm    .   (no shield)
rNeg     . . .     Faith    .   b - +0 leather armour
rPois    .         Spirit   .   c - +0 helmet
rElec    .         Reflect  .   (no cloak)
rCorr    .         Harm     .   (no gloves)
MR       .....                  (no boots)
Stlth    +.........             (no amulet)
HPRegen  0.09/turn              (no ring)
MPRegen  0.08/turn              (no ring)

@: lethally poisoned (0 -> -8), very slightly contaminated
A: change form in water, swift swim, stealthy swim
a: no special abilities


You were on level 2 of the Dungeon.
You were not hungry.

You visited 1 branch of the dungeon, and saw 2 of its levels.

You collected 47 gold pieces.

Inventory:

Hand Weapons
 a - a +0 trident (weapon)
Missiles
 d - 3 throwing nets (quivered) {!f}
Armour
 b - a +0 leather armour (worn)
 c - a +0 helmet (worn)
Scrolls
 g - 3 scrolls of identify {@r1}
 i - a scroll of teleportation {unknown}
 j - a scroll of random uselessness
 l - 2 scrolls of immolation {unknown}
Comestibles
 e - 3 rations {!d}
 f - 4 chunks of flesh


   Skills:
 + Level 2.7 Fighting
 * Level 5.4 Polearms
 - Level 2.0 Throwing
 + Level 4.4 Dodging


You had 2 spell levels left.
You didn't know any spells.
Your spell library was empty.

Dungeon Overview and Level Annotations

Branches:
Dungeon (2/15)

Altars:


Message History

You are poisoned.
The adder poisons you! The adder completely misses you.
You hit the adder.
You feel sick. The adder closely misses you.
You barely miss the adder. The adder bites you.
* * * LOW HITPOINT WARNING * * *
You are lethally poisoned!
The adder poisons you!
You hit the adder.
* * * LOW HITPOINT WARNING * * *
You feel sick. The adder closely misses you.
The adder bites you but does no damage.
You hit the adder.
* * * LOW HITPOINT WARNING * * *
You feel sick. The adder barely misses you.
You barely miss the adder. The adder bites you.
* * * LOW HITPOINT WARNING * * *
You are more poisoned.
The adder poisons you! The adder bites you but does no damage.
You miss the adder.
* * * LOW HITPOINT WARNING * * *
You feel sick. The adder bites you.
* * * LOW HITPOINT WARNING * * *
You barely miss the adder.
* * * LOW HITPOINT WARNING * * *
You feel sick. The adder bites you but does no damage.
Unknown command.
It was a potion of magic.
Magic courses through your body. The adder closely misses you.
The adder misses you.
You hit the adder.
You kill the adder!
You have reached level 3!
Your experience leads to an increase in your attributes!
Increase (S)trength, (I)ntelligence, or (D)exterity?
You feel stronger.
* * * LOW HITPOINT WARNING * * *
You feel sick.
You aren't carrying any potions.
Okay, then.
As you read the scroll labeled TIRHOI YDDOOSUODI, it crumbles to dust.
It is a scroll of identify.
j - a scroll of random uselessness
* * * LOW HITPOINT WARNING * * *
You feel sick.
Blink to where?
Are you sure you want to cancel this blink?
Blink to where?
You are very lightly contaminated with residual magic.
As you read the scroll labeled ALANOSHREAF, it crumbles to dust.
It was a scroll of blinking.
You die...

######## #......#
#......# #......#
#......###########
#......@..........
#....÷.#....########
#......#.##>.......#
#...<..#.####.§†...#
#........# #......#
####.#..## ##.....#
#.#.## #####....
#.... ... #..... ..


There were no monsters in sight!

Vanquished Creatures
  An adder (D:2)
  A dart slug (D:1)
  2 leopard geckos (D:1)
  A giant cockroach (D:2)
  3 goblins (D:1)
  2 hobgoblins (D:1)
  4 kobolds (D:1)
  A quokka (D:2)
  A frilled lizard (D:1)
16 creatures vanquished.

Notes
Turn   | Place    | Note
-------+----------+-------------------------------------------
     0 | D:1      | MalarOregon the Merfolk Gladiator began the quest for the
                  | Orb.
     0 | D:1      | Reached XP level 1. HP: 16/16 MP: 1/1
    39 | D:1      | Reached XP level 2. HP: 16/23 MP: 2/2
   196 | D:1      | Reached skill level 5 in Polearms
   666 | D:2      | Reached XP level 3. HP: 2/28 MP: 3/3
   667 | D:2      | HP: 1/28 [poisoned by an adder]
   668 | D:2      | Succumbed to an adder's poison

Vault maps used:
D:1:      scummos_arrival_checkerplants, chequers_big_river

Skill      XL: |  1  2 |
---------------+-------+-----
Polearms       | 5 |  5.4
Fighting       | |  2.7
Throwing       | |  2.0
Dodging        | |  4.4

Action                   || total
-------------------------++-------
Melee: Trident           ||    87
       Tailslap          ||     1
  Use: Potion            ||     1
       Scroll            ||     2
 Stab: Sleeping          ||     2
Armor: Leather armour    ||    15
Dodge: Dodged            ||    51

Table legend:
 A = Non-vault XP
 B = Vault XP
 C = Vault XP percentage of total XP
 D = Non-vault monster count
 E = Vault monster count
 F = Vault count percentage of total count
                 A         B        C        D         E       F
            +---------+---------+-------+---------+---------+-------
      Total |      45 |       0 |   0.0 |      16 |       0 |   0.0
            +---------+---------+-------+---------+---------+-------
        D:1 |      28 |       0 |   0.0 |      13 |       0 |   0.0
        D:2 |      17 |       0 |   0.0 |       3 |       0 |   0.0
            +---------+---------+-------+---------+---------+-------
